 Dungeon Crawl Stone Soup version 0.30-a0-632-g346586fe48 (webtiles) character file.

Game seed: 6932864124684054586

19 Arcadio the Slasher (level 2, 0/24 HPs)
             Began as a Barachi Reaver on Jan 13, 2023.
             Slain by a ball python (3 damage)
             ... on level 1 of the Dungeon.
             The game lasted 00:01:43 (389 turns).

Arcadio the Slasher (Barachi Reaver)                 Turns: 389, Time: 00:01:43

Health: 0/24       AC:  3    Str: 13    XL:     2   Next: 75%
Magic:  5/5        EV: 11    Int: 13    God:
Gold:   13         SH:  0    Dex: 10    Spells: 4/5 levels left

rFire   . . .      SeeInvis .    a - +0 falchion
rCold   . . .      Faith    .    (no shield)
rNeg    . . .      Spirit   .    b - +0 leather armour
rPois   .          Reflect  .    (no helmet)
rElec   .          Harm     .    (no cloak)
rCorr   .          Rampage  .    (no gloves)
Will    .....                    (no boots)
Stlth   +                        (no amulet)
HPRegen 0.24/turn                (no ring)
MPRegen 0.09/turn                (no ring)

@: slow
A: amphibious, slowness 1, strong legs 1, +LOS
a: Hop


You were on level 1 of the Dungeon.
You visited 1 branch of the dungeon, and saw 1 of its levels.

You collected 13 gold pieces.

Inventory:

Hand Weapons
 a - a +0 falchion (weapon)
Armour
 b - a +0 leather armour (worn)
 c - a +0 chain mail
Potions
 d - a potion of attraction {unknown}
 e - a potion of curing {unknown}


   Skills:
 + Level 3.2 Fighting
 + Level 4.0 Long Blades
 + Level 2.4 Dodging
 + Level 0.2 Stealth
 - Level 2.1 Spellcasting
 - Level 3.2 Conjurations


You had 4 spell levels left.
You knew the following spells:

 Your Spells              Type           Power      Damage    Failure   Level
a - Kiss of Death         Conj/Necr      20%        2d7       16%         1

Your spell library contained the following spells:

 Spells                   Type           Power      Damage    Failure   Level
 Momentum Strike          Conj/Tloc      10%        3d8       24%         2
 Hailstorm                Conj/Ice       5%         3d4       43%         3


Dungeon Overview and Level Annotations

Branches:
Dungeon (1/15) Zot: 5547

Altars:


Innate Abilities, Weirdness & Mutations

You are amphibious.
You cover ground slowly.
You can hop short distances.
You have an extended range of vision and can be seen from far away.


Message History

You hit the giant cockroach but do no damage.
The giant cockroach is moderately wounded.
The giant cockroach barely misses you.
You hit the giant cockroach.
The giant cockroach is severely wounded.
The giant cockroach bites you but does no damage.
You hit the giant cockroach but do no damage.
The giant cockroach is severely wounded.
The giant cockroach closely misses you.
You hit the giant cockroach but do no damage.
The giant cockroach is severely wounded.
The giant cockroach bites you but does no damage. x2
You barely miss the giant cockroach.
The giant cockroach is severely wounded.
The giant cockroach bites you.
* * * LOW HITPOINT WARNING * * *
You closely miss the giant cockroach.
The giant cockroach is severely wounded.
The giant cockroach bites you but does no damage.
You closely miss the giant cockroach.
The giant cockroach is severely wounded.
The giant cockroach bites you.
* * * LOW HITPOINT WARNING * * *
The giant cockroach barely misses you.
You hit the giant cockroach.
You kill the giant cockroach!
The bat barely misses you.
You slash the goblin!
You kill the goblin!
The bat closely misses you.
You hit the ball python.
The ball python is heavily wounded.
The ball python bites you.
* * * LOW HITPOINT WARNING * * *
The ball python barely misses you.
You closely miss the ball python.
The ball python is heavily wounded.
The ball python bites you but does no damage.
The ball python barely misses you. The ball python bites you.
You die...

......# #..(.# ##### #......
..)..####....###...####......
###......#....#...>...###.#'#.
###.............'.......##..#.#.
##.......####....#..#'#..#####.##
........#..gB.#'#####.########.##
.......h.#h.#h..hb...............
##...h##.##.#.##S###########.####
####...#.##...##@#....# ###'###
..####.#.####.##.#..#.# ##.....##
.....hh#.. #.##.'..<.# #.......#
##..g.###. ..####..#.# #..###..#
##..## .....# #....# ##(....##
##.## #.....###################
##...# #........................
...#.# #...........(####.##....#
####.# #...........###......#.##


You could see a jackal, a bat and a ball python.

Vanquished Creatures
  A dart slug (D:1)
  3 giant cockroaches (D:1)
  A goblin (D:1)
  2 hobgoblins (D:1)
  3 jackals (D:1)
  2 ball pythons (D:1)
  A bat (D:1)
  2 rats (D:1)
15 creatures vanquished.

Notes
Turn   | Place    | Note
-------+----------+-------------------------------------------
     0 | D:1      | Arcadio the Barachi Reaver began the quest for the Orb.
     0 | D:1      | Reached XP level 1. HP: 17/17 MP: 3/3
   302 | D:1      | Reached XP level 2. HP: 23/23 MP: 5/5
   350 | D:1      | Reached skill level 4 in Long Blades
   389 | D:1      | Slain by a ball python

Illustrated notes

Levels and vault maps discovered:
D:1:      dpeg_arrival_renting, layout_rooms, interstate_on_off,
          minmay_misc_feat_x

Skill      XL: |  1  2 |
---------------+-------+-----
Fighting       | 3 |  3.2
Long Blades    | 4 |  4.0
Dodging        | |  2.4
Stealth        | |  0.2
Spellcasting   | |  2.1
Conjurations   | |  3.2

Action                   || total
-------------------------++-------
Melee: Falchion          ||    51
       Punch             ||     1
 Abil: Hop               ||     1
Armor: Leather armour    ||    18
Dodge: Dodged            ||    38

Table legend: (Time is in decaauts)
 A = Elapsed time spent in this place.
 B = Non-inter-level travel time spent in this place.
 C = Inter-level travel time spent in this place.
 D = Time resting spent in this place.
 E = Time spent auto-exploring this place.
 F = Levels seen in this place.
 G = Mean time per level.
                   A        B        C        D        E       F      G
               +--------+--------+--------+--------+--------+-----+--------+
         Total |    451 |    451 |      0 |      0 |    277 |   1 |  451.0 |
       Dungeon |    451 |    451 |      0 |      0 |    277 |   1 |  451.0 |
               +--------+--------+--------+--------+--------+-----+--------+

Top non-repeatable levels by time:
     D:1: 451 daAuts
